 Dungeon Crawl Stone Soup version 0.26-a0-712-ga5a9c9c9d0 (webtiles) character file.

Game seed: 6355957534029273257

900 raph the Stinger (level 7, -5/27 HPs)
             Began as a Felid Venom Mage on Nov 8, 2020.
             Was a Follower of Sif Muna.
             Slain by an orc warrior
             ... wielding a +0 vorpal dire flail
              (23 damage)
             ... on level 6 of the Dungeon.
             The game lasted 00:27:35 (10730 turns).

raph the Stinger (Felid Venom Mage)                Turns: 10730, Time: 00:27:35

Health: -5/27      AC:  2    Str:  4    XL:     7   Next: 79%
Magic:  1/12       EV: 18    Int: 18    God:    Sif Muna [*.....]
Gold:   30         SH:  0    Dex: 17    Spells: 3/12 levels left
                                        Lives:  0   Deaths: 2

rFire    . . .     SeeInvis +   (weapon unavailable)
rCold    . . .     Faith    .   (shield unavailable)
rNeg     . . .     Spirit   .   (armour unavailable)
rPois    .         Reflect  .   (helmet unavailable)
rElec    .         Harm     .   (cloak unavailable)
rCorr    .         Rampage  .   (gloves unavailable)
MR       +....                  (boots unavailable)
Stlth    +++.......             (no amulet)
HPRegen  0.09/turn              (no ring)
MPRegen  0.13/turn              (no ring)

@: quick
A: very small, no armour, no weapons or thrown items, stealth, claws 1, fangs 3,
see invisible, speed 1, shaggy fur 2, sharp paws
a: Channel Magic, Renounce Religion


You were on level 6 of the Dungeon.
You worshipped Sif Muna.
Sif Muna was aware of your devotion.
You visited 1 branch of the dungeon, and saw 7 of its levels.

You collected 312 gold pieces.
You spent 282 gold pieces at shops.

Inventory:

Wands
 a - a wand of iceblast (10)
 j - a wand of flame (38)
 l - a wand of acid (7)
Scrolls
 b - 3 scrolls of teleportation
Potions
 c - a potion of ambrosia
 d - a potion of lignification
 g - a potion of curing
 h - 3 potions of magic
 i - 3 potions of might
 k - 2 potions of stabbing {unknown}
 m - a potion of experience {unknown}
 n - 2 potions of brilliance {unknown}
 o - a potion of flight {unknown}


   Skills:
 - Level 3.0 Dodging
 - Level 3.1 Stealth
 + Level 3.1 Spellcasting
 * Level 5.3 Conjurations
 + Level 2.7 Transmutations
 + Level 3.7 Air Magic
 * Level 6.5 Poison Magic
 + Level 2.0 Evocations


You had 3 spell levels left.
You knew the following spells:

 Your Spells              Type           Power        Failure   Level
a - Sting                 Tmut/Pois      ###.         2%          1
b - Poisonous Vapours     Pois/Air       ###...       3%          2
c - Mephitic Cloud        Conj/Pois/Air  ###.....     5%          3
d - Ignite Poison         Fire/Tmut/Pois ##......     14%         3

Your spell library contained the following spells:

 Spells                   Type           Power        Failure   Level
 Olgreb's Toxic Radiance  Pois           ####....     11%         4


Dungeon Overview and Level Annotations

Branches:
Dungeon (7/15)             Temple (0/1) D:5

Altars:
Hepliaklqana
Ru
Sif Muna
The Shining One

Shops:
D:6 }

Annotations:
D:3 3 runed translucent doors, Arthanis's ghost, amateur GrBe
D:4 exclusion: door


Innate Abilities, Weirdness & Mutations

You cannot wear armour.
You are incapable of wielding weapons or throwing items.
Your paws allow you to move quietly. (Stealth)
You have sharp claws.
You have razor-sharp teeth.
You have supernaturally acute eyesight. (SInv)
You cover ground quickly.
You are covered in thick fur. (AC +2)
Your sharp claws are effective at attacking unaware monsters.


Message History

Poisonous vapours surround the orc!
The orc wizard mumbles some strange words.
The orc wizard seems to speed up.
The orc is engulfed in poison gas.
The orc is poisoned.
Unknown command.
Casting: Poisonous Vapours (safe; 3% risk of failure)
Confirm with . or Enter, or press ? or * to list all spells.
The spell is quite dangerous to cast (14% risk of failure)!
Continue anyway?
You ignite the poison in your surroundings!
The orc warrior seems to burn from within!
The orc warrior is severely wounded.
The orc seems to burn from within!
You kill the orc!
Sif Muna accepts your kill.
The orc wizard seems to burn from within!
You kill the orc wizard!
Sif Muna accepts your kill.
The orc warrior hits you with a +0 vorpal dire flail!!
Ouch! That really hurt!
You die...

#.# #.# #.# #.#
##########
.........###
o8^.8..8..8##
oo..........###
o.......)).o@)#
o...........#)#
o8..8..8..8##)#
o........####)#
################.#
#.# #.##.# #.#
#....# #.# #.####
#.# #.#


You could see an orc warrior.

Vanquished Creatures
  Eustachio (D:4)
  Purgy (D:4)
  An orc warrior (D:6)
  A sky beast (D:6)
  2 ogres (D:4)
  2 centaurs
  2 scorpions
  A wight (D:6)
  Crazy Yiuf (D:6)
  A hound (D:6)
  A centaur skeleton (D:6)
  4 orc priests
  6 orc wizards
  Natasha (twice) (D:2)
  An iguana (D:6)
  2 hound skeletons
  3 gnolls (D:4)
  6 adders
  A howler monkey skeleton (D:5)
  A shadow imp (D:6)
  An ooze (D:5)
  2 worms
  3 dart slugs
  2 leopard geckos
  24 orcs
  9 giant cockroaches
  11 goblins
  7 hobgoblins
  3 jackals
  9 kobolds
  3 quokkas
  8 bats
  3 frilled lizards
  8 rats
133 creatures vanquished.

Vanquished Creatures (others)
  3 fungi (D:6)
  4 plants (D:5)
7 creatures vanquished.

Grand Total: 140 creatures vanquished

Notes
Turn   | Place    | Note
-------+----------+-------------------------------------------
     0 | D:1      | raph the Felid Venom Mage began the quest for the Orb.
     0 | D:1      | Reached XP level 1. HP: 7/7 MP: 4/4
   144 | D:1      | Reached XP level 2. HP: 11/11 MP: 4/6
   314 | D:1      | Reached skill level 3 in Poison Magic
   346 | D:1      | Learned a level 2 spell: Poisonous Vapours
  1051 | D:1      | Reached XP level 3. HP: 14/14 MP: 5/7
  1456 | D:2      | Learned a level 3 spell: Mephitic Cloud
  2420 | D:2      | Reached XP level 4. HP: 18/18 MP: 6/8
  2452 | D:2      | Noticed Natasha
  2463 | D:2      | Killed Natasha
  2463 | D:2      | Reached skill level 1 in Air Magic
  2893 | D:2      | Noticed Natasha
  2898 | D:2      | Killed Natasha
  2898 | D:2      | Reached skill level 1 in Conjurations
  3230 | D:3      | Found a runed translucent gate.
  3230 | D:3      | Found a runed translucent gate.
  3230 | D:3      | Noticed Arthanis's ghost (amateur GrBe)
  3238 | D:3      | Found a runed translucent gate.
  3290 | D:3      | Reached XP level 5. HP: 21/21 MP: 6/9
  3749 | D:3      | Found a sacrificial altar of Ru.
  3952 | D:3      | Reached skill level 4 in Poison Magic
  5165 | D:4      | Gained mutation: You are covered in thick fur. (AC +2)
                  | [Felid growth]
  5165 | D:4      | Reached XP level 6. HP: 3/24 MP: 7/10
  5429 | D:4      | Learned a level 3 spell: Ignite Poison
  5847 | D:4      | Found a shimmering blue altar of Sif Muna.
  6010 | D:4      | Became a worshipper of Sif Muna the Loreminder
  6045 | D:4      | Reached skill level 5 in Poison Magic
  6116 | D:4      | Noticed Eustachio
  6128 | D:4      | Killed Eustachio
  6128 | D:4      | Reached XP level 7. HP: 27/27 MP: 1/11
  6566 | D:4      | Noticed Purgy
  6572 | D:4      | Killed Purgy
  6603 | D:4      | Identified the +5 trident "Eliuts" {vorpal, rPois rC+ MR-}
  6806 | D:4      | You fall into a shaft and drop 3 floors!
  6831 | D:5      | Entered Level 5 of the Dungeon
  7215 | D:4      | Found a hazy altar of Hepliaklqana.
  7934 | D:5      | Shot with an arrow by a centaur
  7935 | D:5      | Reached XP level 6. HP: -5/24 MP: 0/10
  7941 | D:5      | Found a glowing golden altar of the Shining One.
  8128 | D:6      | Reached XP level 7. HP: 21/27 MP: 4/11
  8291 | D:6      | Found Plog's Gadget Boutique.
  8299 | D:6      | Bought a wand of iceblast (10) for 168 gold pieces
  8299 | D:6      | Bought a wand of flame (17) for 114 gold pieces
  8334 | D:6      | Killed from afar by an orc wizard
  8335 | D:6      | Reached XP level 6. HP: -7/24 MP: 4/10
  8396 | D:6      | Found a runed translucent door.
  8667 | D:6      | Noticed an orc warrior
  8689 | D:6      | Reached skill level 6 in Poison Magic
  8711 | D:6      | Killed an orc warrior
  8711 | D:6      | Reached skill level 1 in Evocations
  8876 | D:6      | Found a runed translucent door.
  8877 | D:6      | Noticed Crazy Yiuf
  8900 | D:6      | Killed Crazy Yiuf
  8900 | D:6      | Reached * piety under Sif Muna
  9343 | D:6      | Reached XP level 7. HP: 27/27 MP: 5/12
  9534 | D:5      | Reached skill level 5 in Conjurations
  9620 | D:5      | Found a staircase to the Ecumenical Temple.
  9695 | D:5      | Found the +8 Wrath of Trog {antimagic, *Rage}
 10730 | D:6      | Slain by an orc warrior

Illustrated notes

Levels and vault maps discovered:
D:1:      minmay_arrival_jagged, layout_basic
D:2:      layout_basic, uniq_natasha
D:3:      layout_rooms, gammafunk_ghost_split,
          nicolae_ru_great_annihilating_truth
D:4:      layout_gridville, led_sif_book, kennysheep_mini, uniq_purgy,
          uniq_eustachio
D:5:      layout_cave_pools, minmay_temple_entry_metal_lava, basic_altar,
          serial_bayou_lagoon_a
D:6:      layout_loops_ring, serial_shops, shop_statue, lightli_church_of_beogh,
          uniq_crazy_yiuf_cottage
D:7:      layout_layer_cave

Skill      XL: |  1  2  3  4  5  6  7 |
---------------+----------------------+-----
Stealth        | 3 |  3.1
Poison Magic   | 3 4 6 |  6.5
Dodging        | 3 |  3.0
Transmutations | 2 |  2.7
Air Magic      | 1 2 3 |  3.7
Conjurations   | 1 2 3 5 |  5.3
Evocations     | 1 2 |  2.0
Spellcasting   | 3 |  3.1

Action                   |  1- 3 |  4- 6 |  7- 9 || total
-------------------------+-------+-------+-------++-------
Melee: Unarmed           |    54 |    72 |    26 ||   152
       Bite              |     5 |     6 |     3 ||    14
 Cast: Sting             |    55 |    41 |    11 ||   107
       Poisonous Vapours |     2 |    77 |    39 ||   118
       Mephitic Cloud    |       |     5 |     4 ||     9
       Ignite Poison     |       |     3 |     5 ||     8
Evoke: Wand              |       |     1 |     1 ||     2
  Use: Scroll            |       |    11 |     8 ||    19
 Stab: Sleeping          |     1 |     1 |       ||     2
Armor: Skin              |     8 |     6 |     3 ||    17
Dodge: Dodged            |    91 |    95 |    36 ||   222

Table legend: (Time is in decaauts)
 A = Elapsed time spent in this place.
 B = Non-inter-level travel time spent in this place.
 C = Inter-level travel time spent in this place.
 D = Time resting spent in this place.
 E = Time spent auto-exploring this place.
 F = Levels seen in this place.
 G = Mean time per level.
                   A        B        C        D        E       F      G
               +--------+--------+--------+--------+--------+-----+--------+
         Total |   9942 |   9620 |    322 |   5843 |   2205 |   7 | 1420.3 |
       Dungeon |   9942 |   9620 |    322 |   5843 |   2205 |   7 | 1420.3 |
               +--------+--------+--------+--------+--------+-----+--------+

Top non-repeatable levels by time:
     D:4: 2106 daAuts
     D:6: 2096 daAuts
     D:2: 1957 daAuts
     D:3: 1862 daAuts
     D:1: 1055 daAuts
     D:5: 847 daAuts
     D:7: 16 daAuts
